 Dungeon Crawl Stone Soup version 0.22-a0-281-g2e20325899 (webtiles) character file.

71 Manul the Skirmisher (level 4, -1/35 HPs)
             Began as a Demonspawn Monk on Mar 17, 2018.
             Slain by sonasty's ghost (13 damage)
             ... on level 3 of the Dungeon.
             The game lasted 00:02:51 (2041 turns).

Manul the Skirmisher (Demonspawn Monk)              Turns: 2041, Time: 00:02:52

Health: -1/35      AC:  9    Str: 12    XL:     4   Next: 5%
Magic:  4/4        EV:  9    Int: 11    God:
Gold:   92         SH: 12    Dex: 16    Spells: 3/3 levels left

rFire    . . .     SeeInvis .   m - +4 dagger (venom)
rCold    . . .     Gourm    .   h - +1 shield
rNeg     . . .     Faith    .   g - +0 ring mail
rPois    .         Spirit   .   (no helmet)
rElec    .         Reflect  .   (no cloak)
rCorr    .         Harm     .   (no gloves)
MR       .....                  (no boots)
Stlth    +++.......             f - amulet of magic regeneration
HPRegen  0.11/turn              p - +4 ring of protection
MPRegen  0.34/turn              (no ring)

@: no status effects
A: large bone plates 1, nightstalker 2
a: no special abilities


You were on level 3 of the Dungeon.
You were not hungry.

You visited 1 branch of the dungeon, and saw 3 of its levels.

You collected 92 gold pieces.

Inventory:

Hand Weapons
 m - a +4 dagger of venom (weapon)
Armour
 a - a +0 robe
 g - a +0 ring mail (worn)
 h - a +1 shield (worn)
Jewellery
 f - an amulet of magic regeneration (around neck)
 p - a +4 ring of protection (left hand)
 q - an uncursed amulet of regeneration {unknown}
Scrolls
 j - a scroll of blinking {unknown}
 k - 2 scrolls of remove curse
 l - a scroll of magic mapping
Potions
 c - 2 potions of flight
 e - 3 potions of agility {unknown}
 i - a potion of haste {unknown}
 n - a potion of might {unknown}
 o - a potion of ambrosia {unknown}
Comestibles
 b - 5 rations


   Skills:
 * Level 3.3 Fighting
 * Level 0.2 Short Blades
 + Level 0.5 Armour
 + Level 3.2 Dodging
 * Level 2.1 Stealth
 + Level 0.8 Shields
 - Level 3.2 Unarmed Combat


You had 3 spell levels left.
You didn't know any spells.

Dungeon Overview and Level Annotations

Branches:
Dungeon (3/15)

Altars:

Annotations:
D:3 sonasty's ghost, amateur MiBe


Innate Abilities, Weirdness & Mutations

You are partially covered in large bone plates. (SH +4)
You are significantly more attuned to the shadows.


Message History

You block sonasty's ghost's attack.
You hit sonasty's ghost but do no damage.
Sonasty's ghost is heavily damaged.
Sonasty's ghost hits you.
You hit sonasty's ghost but do no damage.
Sonasty's ghost is heavily damaged.
You block sonasty's ghost's attack.
You hit sonasty's ghost but do no damage.
Sonasty's ghost is moderately damaged.
Sonasty's ghost barely misses you.
You barely miss sonasty's ghost.
Sonasty's ghost is moderately damaged.
You block sonasty's ghost's attack. Sonasty's ghost hits you!
* * * LOW HITPOINT WARNING * * *
You are too injured to fight recklessly!
You see here 10 arrows.
Sonasty's ghost says very slowly, "There's no hope."
There is a stone staircase leading up here.
Sonasty's ghost hits you!
You die...

#.. #.# #.# #.# #.# #
#.# # .####.## #.#.#.#
.....@.# #.#.#.#
######W##### #.....#
#.....#.#.#####.#
#.#####..(......#
##########.#
#...#.#######
#..........###.#.#....#
#.########.....#..).#.#
#.#### #.#######.##.#
#....#
#.#.......##.#####


You could see sonasty's ghost.

Vanquished Creatures
  An ooze (D:2)
  2 worms (D:2)
  4 dart slugs
  3 leopard geckos
  2 giant cockroaches
  9 goblins
  3 hobgoblins (D:2)
  7 jackals (D:2)
  5 kobolds
  2 quokkas (D:2)
  A ball python (D:1)
  4 bats
  A frilled lizard (D:1)
  2 rats (D:2)
46 creatures vanquished.

Notes
Turn   | Place    | Note
-------+----------+-------------------------------------------
     0 | D:1      | Manul the Demonspawn Monk began the quest for the Orb.
     0 | D:1      | Reached XP level 1. HP: 18/18 MP: 1/1
   217 | D:1      | Gained mutation: You are slightly more attuned to the shadows. [demonic ancestry]
   217 | D:1      | Reached XP level 2. HP: 21/24 MP: 2/2
  1028 | D:2      | Gained mutation: You are partially covered in large bone plates. (SH +4) [demonic ancestry]
  1028 | D:2      | Reached XP level 3. HP: 18/29 MP: 3/3
  1762 | D:2      | Gained mutation: You are significantly more attuned to the shadows. [demonic ancestry]
  1762 | D:2      | Reached XP level 4. HP: 35/35 MP: 4/4
  2006 | D:3      | Noticed sonasty's ghost (amateur MiBe)
  2041 | D:3      | Slain by sonasty's ghost

Vault maps used:
D:1:      kennysheep_arrival_seaside
D:2:      serial_forest, infiniplex_forest_clump_small,
          infiniplex_forest_clump_diagonal, infiniplex_forest_clump_C,
          infiniplex_forest_straight_3, infiniplex_forest_pool,
          infiniplex_forest_lined_2, minmay_misc_feat_four_crosses, uniq_sigmund
D:3:      uniq_robin

Skill      XL: |  1  2 |
---------------+-------+-----
Dodging        | 3 |  3.2
Unarmed Combat | 3 |  3.2
Stealth        | 2 |  2.1
Fighting       | |  3.3
Short Blades   | |  0.2
Armour         | |  0.5
Shields        | |  0.8

Action                   |  1- 3 |  4- 6 || total
-------------------------+-------+-------++-------
Melee: Unarmed           |   153 |       ||   153
       Dagger            |    69 |    19 ||    88
       Punch             |     1 |       ||     1
  Use: Scroll            |     7 |       ||     7
 Stab: Sleeping          |     9 |     1 ||    10
  Eat: Chunk             |     3 |     1 ||     4
Armor: Robe              |     2 |       ||     2
       Ring mail         |    77 |     3 ||    80
Dodge: Dodged            |    77 |     2 ||    79
Block: Shield            |   105 |    10 ||   115

Table legend:
 A = Spawn XP
 B = Non-spawn XP
 C = Spawn XP percentage of total XP
 D = Spawn monster count
 E = Non-spawn monster count
 F = Spawn count percentage of total count
 G = Total turns spent on level
                    A         B        C        D         E        F      G
               +---------+---------+-------+---------+---------+-------+---------
         Total |       0 |     102 |   0.0 |       0 |      46 |   0.0 |  2041
               +---------+---------+-------+---------+---------+-------+---------
           D:1 |       0 |      22 |   0.0 |       0 |      11 |   0.0 |   946
           D:2 |       0 |      75 |   0.0 |       0 |      33 |   0.0 |   972
           D:3 |       0 |       5 |   0.0 |       0 |       2 |   0.0 |   123
               +---------+---------+-------+---------+---------+-------+---------
